Map: Dreamcatcher LE

Players

RenamOn - Winner!

  • Race: Zerg Zerg
  • League: Diamond
  • Spawn Location: 11:00

rabidtoaster

  • Race: Terran Terran
  • League: Diamond
  • Spawn Location: 5:00

VOD

Have the link to the VOD?

Description

Time

  • Played on: July 23, 2018, 11:05 p.m.
  • Length: 23:18
Show
View Real Time Build Order
Export as new Build Order

RenamOn Zerg - Winner!

Build Orders: Hatch First 

Get SALT Encoding   

  12  0:01  Drone  
  13  0:13  Overlord  
  13  0:18  Drone  
  14  0:32  Drone x2  
  16  0:38  Drone  
  17  0:55  Drone  
  18  0:58  Extractor  
  18  1:00  Hatchery  
  18  1:02  Drone  
  17  1:15  Spawning Pool  
  17  1:17  Drone  
  17  1:29  Drone x2  
  19  1:46  Drone  
  20  1:50  Overlord  
  20  2:02  Queen, Metabolic Boost  
  22  2:11  Queen  
  22  2:12  Zergling x2  
  22  2:13  Zergling x2  
  22  2:15  Drone  
  28  2:30  Drone x2  
  28  2:34  Drone x2  
  30  2:57  Drone  
  30  2:58  Drone  
  32  3:07  Drone  
  32  3:08  Drone x2, Overlord  
  32  3:09  Hatchery  
  34  3:15  Drone  
  34  3:18  Lair  
  35  3:26  Queen, Overlord  
  37  3:31  Drone x4  
  41  3:36  Extractor  
  41  3:40  Zergling x2  
  41  3:45  Drone  
  42  4:02  Roach Warren  
  41  4:05  Evolution Chamber  
  41  4:07  Drone x3, Evolution Chamber  
  41  4:08  Drone x4  
  45  4:11  Drone x2, Overlord  
  45  4:15  Extractor  
  46  4:20  Drone  
  46  4:21  Queen  
  49  4:26  Overlord  
  49  4:27  Zergling x2  
  50  4:33  Drone x3  
  50  4:35  Overseer  
  53  4:38  Drone x3  
  53  4:40  Drone  
  57  4:49  Roach x4  
  59  5:05  Roach x3  
  59  5:06  Roach x2, Glial Reconstitution  
  69  5:10  Extractor  
  69  5:14  Overlord x2  
  68  5:17  Zerg Missile Weapons Level 1  
  68  5:31  Roach x3  
  68  5:32  Overlord  
  68  5:33  Overlord  
  73  5:36  Drone  
  73  5:37  Drone x2  
  76  5:46  Roach x4  
  76  5:49  Drone  
  85  5:50  Drone  
  86  5:58  Baneling Nest  
  86  5:59  Spore Crawler  
  73  6:14  Drone x7  
  77  6:25  Zerg Ground Armor Level 1  
  77  6:29  Drone  
  77  6:30  Hydralisk Den  
  72  6:37  Roach  
  71  6:40  Drone x3  
  74  6:54  Zergling x12  
  80  7:14  Muscular Augments  
  80  7:15  Drone x6  
  80  7:33  Drone x3  
  80  7:34  Drone x3  
  80  7:35  Drone x5  
  80  7:36  Extractor  
  89  7:39  Ravager  
  89  7:40  Ravager  
  89  7:41  Overlord  
  89  7:43  Overlord  
  91  7:48  Overlord  
  91  7:57  Ravager  
  92  7:58  Drone x3  
  92  7:59  Drone x4  
  98  8:07  Ravager  
  98  8:10  Hatchery  
  98  8:19  Roach x2  
  102  8:20  Drone x4  
  102  8:23  Drone  
  102  8:24  Drone x2  
  105  8:46  Grooved Spines  
  105  8:48  Extractor, Drone x4  
  105  8:49  Roach x2  
  105  8:50  Roach x4  
  116  9:09  Roach x5  
  121  9:12  Queen x2  
  121  9:14  Hatchery  
  120  9:20  Hydralisk  
  119  9:33  Queen  
  119  9:34  Queen  
  120  9:47  Spore Crawler  
  116  9:58  Drone x5  
  116  9:59  Drone  
  122  10:00  Infestation Pit  
  121  10:11  Roach  
  121  10:12  Roach x4, Zergling x4  
  121  10:13  Zergling x2  
  134  10:21  Overlord x3  
  134  10:32  Roach x4  
  142  10:43  Hydralisk x3  
  142  10:44  Hydralisk  
  149  10:55  Roach x3, Hydralisk  
  121  11:00  Drone x3  
  121  11:01  Drone  
  121  11:02  Drone x3  
  121  11:03  Drone x2  
  122  11:11  Roach, Hydralisk x4  
  116  11:18  Extractor, Drone x4  
  128  11:23  Ravager x2  
  117  11:37  Hydralisk x3, Overlord  
  117  11:38  Roach x2, Hydralisk  
  124  11:46  Roach x2  
  124  11:47  Roach, Hydralisk x2  
  134  12:01  Roach x3, Hydralisk x3  
  133  12:08  Extractor  
  142  12:09  Overlord x2  
  142  12:11  Drone  
  142  12:12  Drone x2  
  142  12:14  Spore Crawler  
  144  12:25  Spore Crawler  
  144  12:28  Spine Crawler  
  144  12:29  Roach x4, Hydralisk, Spore Crawler  
  148  12:37  Ravager x3  
  108  13:08  Hive  
  108  13:10  Drone  
  108  13:11  Drone x5  
  108  13:12  Queen  
  114  13:18  Zerg Missile Weapons Level 2  
  114  13:19  Zerg Ground Armor Level 2  
  116  13:27  Hatchery  
  98  13:43  Roach x4, Hydralisk  
  98  13:44  Roach x5, Hydralisk x3  
  116  13:51  Queen x2  
  114  13:56  Extractor x2  
  112  14:06  Overlord  
  112  14:07  Roach x3, Hydralisk  
  112  14:08  Roach x3  
  126  14:10  Drone x2  
  126  14:11  Drone  
  129  14:24  Roach x3, Hydralisk x3  
  139  14:54  Extractor, Drone x2  
  139  14:55  Extractor  
  139  14:56  Viper x2  
  139  14:57  Viper  
  148  15:01  Drone x4  
  148  15:03  Evolution Chamber  
  148  15:05  Evolution Chamber  
  150  15:07  Evolution Chamber  
  150  15:12  Roach x3  
  150  15:13  Roach, Zergling x8  
  150  15:14  Zergling x6, Overlord  
  164  15:15  Overlord x4  
  164  15:17  Roach  
  164  15:18  Ravager x3  
  164  15:19  Ravager  
  130  15:45  Roach x4, Hydralisk x5  
  130  15:46  Roach, Hydralisk x2  
  130  15:48  Drone x4  
  158  15:52  Spore Crawler  
  138  15:59  Hydralisk  
  138  16:00  Roach x3, Hydralisk  
  146  16:12  Spire  
  146  16:13  Roach x2, Hydralisk x2  
  146  16:14  Roach  
  155  16:29  Roach x5, Hydralisk x4  
  155  16:30  Roach  
  175  16:40  Evolution Chamber  
  175  16:43  Evolution Chamber  
  173  16:48  Roach, Hydralisk x3  
  173  16:49  Roach  
  159  17:22  Hatchery  
  158  17:23  Corruptor x5  
  158  17:24  Corruptor x2  
  172  17:34  Viper  
  175  17:42  Ravager x2  
  175  17:43  Ravager  
  127  17:59  Roach, Hydralisk  
  127  18:00  Roach x4, Hydralisk x6  
  140  18:14  Queen  
  140  18:17  Roach x3, Hydralisk x2  
  144  18:26  Roach, Hydralisk x2  
  150  18:27  Roach  
  150  18:32  Queen  
  149  18:36  Drone  
  150  18:51  Greater Spire  
  150  18:52  Drone  
  145  19:12  Corruptor x4  
  145  19:13  Corruptor x3  
  151  19:20  Corruptor x2  
  151  19:21  Overlord x2  
  155  19:31  Corruptor x2  
  157  19:45  Overseer x2  
  157  19:46  Overseer x2  
  157  19:49  Roach x2, Hydralisk x2  
  156  20:00  Roach x2, Hydralisk x3  
  156  20:04  Viper  
  158  20:12  Brood Lord  
  158  20:13  Brood Lord  
  159  20:18  Brood Lord  
  161  20:25  Brood Lord  
  163  20:30  Brood Lord  
  165  20:37  Drone x2  
  165  20:38  Drone  
  165  20:39  Drone x2  
  170  20:47  Brood Lord x2  
  172  21:32  Swarm Host, Brood Lord x3, Corruptor  
  164  21:33  Corruptor x5  
  164  21:37  Hydralisk x2  
  164  21:38  Roach x3  
  174  21:47  Corruptor  
  174  21:48  Roach x3, Hydralisk  
  174  21:49  Roach x2  
  188  21:59  Queen  
  186  22:04  Viper  
  180  22:13  Hydralisk x2  
  180  22:14  Hydralisk x2  
  188  22:16  Overlord x3  
  188  22:26  Overlord  
  188  22:45  Roach, Hydralisk x3  
  188  22:46  Roach x2  
Show
View Real Time Build Order
Export as new Build Order

rabidtoaster Terran 

Build Orders: Reaper Expand, MMM Bio 

Get SALT Encoding   

  12  0:01  SCV  
  13  0:13  SCV  
  14  0:18  Supply Depot  
  14  0:25  SCV  
  15  0:39  SCV  
  15  0:40  Barracks  
  16  0:45  Refinery  
  16  0:51  SCV  
  17  1:03  SCV  
  18  1:16  SCV  
  19  1:28  Orbital Command  
  19  1:29  Reaper  
  20  1:44  Command Center  
  20  1:53  SCV  
  21  2:00  Supply Depot  
  21  2:08  Factory  
  21  2:13  SCV  
  22  2:30  Barracks Reactor  
  22  2:32  SCV  
  23  2:44  SCV  
  24  2:56  SCV  
  25  3:05  Orbital Command  
  25  3:08  SCV  
  25  3:09  Bunker  
  26  3:18  Starport  
  26  3:20  SCV  
  26  3:24  Refinery  
  26  3:26  Barracks Tech Lab  
  26  3:32  SCV  
  26  3:33  Hellion x2  
  31  3:37  Barracks  
  31  3:38  SCV  
  32  3:44  Supply Depot  
  32  3:45  SCV  
  33  3:50  SCV  
  33  3:54  Hellion x2  
  38  3:57  SCV  
  39  4:12  Marine  
  39  4:15  Stimpack, Hellion  
  39  4:16  Hellion  
  37  4:17  Medivac  
  44  4:20  SCV x2  
  48  4:32  SCV x2  
  48  4:36  Barracks Reactor  
  50  4:40  Barracks  
  50  4:44  SCV  
  51  5:04  Marauder  
  53  5:07  SCV  
  53  5:09  Supply Depot  
  53  5:12  Supply Depot  
  53  5:13  Engineering Bay  
  54  5:31  Hellion x2, SCV x2, Medivac  
  62  5:43  SCV x2  
  62  5:47  Marine x2, Marauder  
  68  5:52  Widow Mine  
  68  5:54  Supply Depot  
  68  5:55  Barracks x2  
  68  5:56  Supply Depot  
  70  5:57  Terran Infantry Weapons Level 1  
  70  6:08  Marine  
  69  6:11  Medivac  
  69  6:13  Widow Mine  
  67  6:30  Marine x2, Marauder  
  67  6:32  Widow Mine  
  67  6:41  Medivac  
  67  6:43  Barracks Tech Lab  
  67  6:44  Barracks Reactor x2  
  69  6:47  SCV x2  
  69  6:48  Marine x2  
  69  6:50  Refinery  
  69  6:51  Refinery  
  69  6:52  Marauder  
  75  6:59  SCV x2  
  77  7:03  Command Center  
  77  7:08  Marine x2, Marauder  
  81  7:09  Widow Mine  
  81  7:10  Widow Mine  
  81  7:13  Marine, Combat Shields  
  86  7:21  Marine x2  
  86  7:27  Marine x2  
  86  7:28  Marine  
  86  7:38  Supply Depot x2  
  86  7:39  Supply Depot  
  86  7:43  Marine x3  
  89  7:47  Engineering Bay, Armory  
  89  7:58  Marine x5  
  83  7:59  Widow Mine  
  83  8:00  Medivac, Widow Mine  
  83  8:01  Marine, Marauder x2  
  98  8:15  Marine  
  98  8:16  Marine x4  
  98  8:18  Marine  
  104  8:21  Widow Mine x2  
  104  8:22  Marine  
  104  8:23  Marauder, SCV x2  
  113  8:27  Orbital Command  
  113  8:33  Marine  
  110  8:35  SCV x2  
  111  8:47  SCV  
  112  8:55  Marine  
  112  8:56  Marine x3, Marauder x2  
  116  9:08  Marine  
  116  9:09  Marine  
  113  9:13  Marine  
  113  9:14  Marine x2  
  113  9:15  Widow Mine  
  116  9:17  Marauder x2  
  120  9:32  Orbital Command  
  120  9:37  Marine x4  
  120  9:38  Marine x2  
  126  9:39  Marauder x2  
  123  10:00  Marauder x2  
  127  10:10  Command Center  
  127  10:14  Marine  
  127  10:15  Marine  
  131  10:21  Marauder x2  
  133  10:31  SCV x2  
  133  10:33  Bunker  
  131  10:51  Marine, Marauder x2  
  131  10:52  Marine x5  
  96  11:09  Marine x2  
  96  11:10  Marine x3  
  91  11:12  Marauder  
  91  11:13  Marauder  
  91  11:15  Marine  
  91  11:16  Medivac, Widow Mine x2  
  102  11:27  Marine x4  
  98  11:34  Marauder x2  
  98  11:37  Marine  
  98  11:38  Marine, Widow Mine  
  108  11:40  Widow Mine  
  108  11:42  Refinery  
  108  11:44  Marine  
  108  11:45  Marine x3  
  108  11:46  Medivac  
  114  11:47  Planetary Fortress  
  114  11:49  Missile Turret  
  114  11:54  SCV x2  
  114  11:55  Marine, Marauder x2, SCV  
  120  12:02  Marine x2  
  120  12:03  Marine x3, Widow Mine  
  120  12:04  Widow Mine  
  120  12:06  SCV, Terran Infantry Weapons Level 2  
  120  12:07  SCV x2  
  132  12:08  Terran Infantry Armor Level 1  
  132  12:13  Marine, Concussive Shells  
  133  12:16  Medivac  
  133  12:17  Marauder x2, Supply Depot  
  133  12:18  Supply Depot  
  138  12:25  Widow Mine  
  102  12:57  Marauder x2  
  102  12:58  Marine x5  
  88  12:59  Marine  
  88  13:00  Medivac, Widow Mine x2  
  95  13:07  Starport  
  95  13:09  Factory  
  95  13:15  Marine  
  95  13:16  Marine x2  
  95  13:18  Marauder, Refinery  
  95  13:19  Marauder  
  102  13:22  Widow Mine  
  102  13:25  SCV x3  
  108  13:27  Refinery  
  108  13:29  Refinery  
  108  13:30  Medivac  
  92  13:37  SCV x2  
  92  13:40  Marauder x2  
  75  14:01  Marauder  
  77  14:07  Marine x2, Marauder  
  77  14:08  Marine x4  
  77  14:09  Widow Mine x2  
  91  14:10  Factory Tech Lab  
  91  14:11  Starport Reactor  
  89  14:18  Terran Infantry Armor Level 2  
  89  14:21  SCV x3  
  89  14:22  Marauder  
  94  14:25  Marine x4, Starport Tech Lab  
  94  14:26  Marine x2  
  94  14:28  Marine  
  101  14:33  SCV x3  
  104  14:45  SCV x3  
  96  14:52  Marine, Marauder x2  
  97  14:53  Marine x5  
  97  14:54  Siege Tank, Widow Mine  
  97  14:55  Medivac x2, Widow Mine  
  97  14:56  Raven  
  97  14:57  SCV x2  
  97  14:58  SCV  
  118  15:02  Missile Turret, Command Center  
  118  15:10  Marine  
  118  15:13  Marauder x2  
  118  15:14  Terran Infantry Weapons Level 3  
  123  15:16  Widow Mine  
  125  15:22  SCV x2  
  125  15:26  Siege Tank  
  130  15:34  Marauder  
  123  15:39  Raven  
  116  16:15  Marine, Marauder x2  
  116  16:16  Marine x5  
  116  16:17  Siege Tank  
  116  16:18  Widow Mine x2  
  133  16:19  Medivac  
  135  16:25  Orbital Command  
  135  16:33  Marine x2  
  135  16:36  Marauder  
  135  16:37  Marauder, Missile Turret  
  135  16:39  Missile Turret  
  140  16:58  Marauder  
  140  17:00  Marauder  
  140  17:01  Marine x5  
  135  17:02  Marine, Siege Tank  
  135  17:03  Widow Mine x2  
  135  17:04  Medivac  
  143  17:19  Marine x3, Marauder  
  143  17:22  Marauder  
  141  17:24  Marine x3, Widow Mine  
  141  17:27  Widow Mine  
  141  17:28  Raven, Medivac  
  151  17:35  Command Center, Siege Tank  
  151  17:36  Marine  
  155  17:37  Marine x2  
  155  17:40  Marauder  
  155  17:42  Marine x2  
  155  17:43  Marauder  
  141  18:02  Marauder  
  141  18:05  Marine x2, Marauder  
  137  18:06  Marine x4  
  116  18:21  Widow Mine x2  
  116  18:23  Marine x4, Marauder  
  116  18:24  Marine x2  
  116  18:26  Marauder  
  117  18:35  Command Center  
  117  18:41  Marine x5  
  122  18:50  Orbital Command  
  122  18:53  SCV  
  122  18:54  SCV  
  124  18:57  SCV  
  125  19:05  SCV  
  125  19:06  SCV  
  125  19:09  SCV  
  126  19:20  Medivac x2  
  126  19:21  Raven  
  132  19:26  Siege Tank  
  122  20:05  Marine, Marauder x2  
  122  20:06  Marine x5  
  114  20:07  Siege Tank, Widow Mine x2  
  114  20:08  Raven, Medivac  
  121  20:23  Marine  
  121  20:26  Marauder  
  121  20:27  Marauder  
  126  20:33  SCV  
  126  20:35  SCV  
  128  20:39  Marine, Siege Tank, Refinery  
  128  20:40  Marine x4  
  128  20:41  Marine  
  137  20:43  Widow Mine x2  
  137  20:44  Medivac x2  
  137  20:45  SCV  
  137  20:47  SCV  
  137  20:48  Marauder x2  
  151  20:50  Raven  
  153  20:57  Marine, SCV  
  153  20:58  Marine x4  
  156  21:09  Marauder  
  155  21:11  Siege Tank  
  155  21:14  Viking x2  
  156  21:20  Command Center  
  129  21:33  Viking  
  112  21:43  Siege Tank  
  112  21:44  Viking x2  
  111  22:03  Viking  
  91  22:14  Viking x2  
  83  22:33  Viking  
Tags
 
Add a new tag
Caveats
  • Supply blocks, unpowered buildings, or Contaminate may cause inaccurate times.
  • Supply counts are checked every 10 seconds.